 Dungeon Crawl Stone Soup version 0.26-a0-708-g17f3b190f9 (webtiles) character file.

Game seed: 17658567721171114171

349 Forecaster the Stinger (level 6, 0/50 HPs)
             Began as a Naga Venom Mage on Oct 28, 2020.
             Slain by a gnoll
             ... wielding a +0 halberd
              (8 damage)
             ... on level 3 of the Dungeon.
             The game lasted 00:16:50 (5754 turns).

Forecaster the Stinger (Naga Venom Mage)            Turns: 5754, Time: 00:16:51

Health: 0/50       AC:  3    Str: 11    XL:     6   Next: 60%
Magic:  3/10       EV: 10    Int: 22    God:
Gold:   133        SH:  0    Dex: 12    Spells: 4/11 levels left

rFire    + . .     SeeInvis +   u - +3 whip (venom)
rCold    x . .     Faith    .   (no shield)
rNeg     . . .     Spirit   .   a - +0 robe
rPois    +         Reflect  .   (no helmet)
rElec    .         Harm     .   (no cloak)
rCorr    .         Rampage  .   (no gloves)
MR       .....                  (no barding)
Stlth    ++........             (no amulet)
HPRegen  0.16/turn              m - +6 ring of intelligence
MPRegen  0.12/turn              t - ring of fire

@: very slow
A: large, see invisible, deformed body, poison resistance, slowness 2, spit
poison 1, AC +2
a: Spit Poison


You were on level 3 of the Dungeon.
You visited 1 branch of the dungeon, and saw 4 of its levels.

You collected 133 gold pieces.

Inventory:

Hand Weapons
 c - a +0 dagger
 i - a +0 dagger
 o - a +1 dagger of flaming
 u - a +3 whip of venom (weapon)
Armour
 a - a +0 robe (worn)
Jewellery
 m - a +6 ring of intelligence (left hand)
 t - a ring of fire (right hand)
Wands
 w - a wand of random effects (20)
Scrolls
 b - a scroll of magic mapping {unknown}
 d - 2 scrolls of enchant weapon {unknown}
 e - a scroll of noise {unknown}
 j - 5 scrolls of amnesia {unknown}
 k - a scroll of enchant armour {unknown}
 n - a scroll of immolation {unknown}
 q - 2 scrolls of identify {unknown}
 r - a scroll of teleportation {unknown}
 s - a scroll of fog {unknown}
Potions
 f - 3 potions of haste {unknown}
 g - 2 potions of heal wounds {unknown}
 h - a potion of curing {unknown}
 l - a potion of berserk rage {unknown}
 p - 2 potions of degeneration {unknown}
 v - a potion of might {unknown}


   Skills:
 + Level 0.4 Fighting
 + Level 1.5 Short Blades
 + Level 0.2 Maces & Flails
 + Level 2.1 Dodging
 + Level 3.3 Stealth
 + Level 3.3 Spellcasting
 + Level 1.4 Transmutations
 + Level 2.5 Air Magic
 + Level 6.3 Poison Magic


You had 4 spell levels left.
You knew the following spells:

 Your Spells              Type           Power        Failure   Level
a - Sting                 Tmut/Pois      ###.         2%          1
b - Poisonous Vapours     Pois/Air       ###...       3%          2
c - Olgreb's Toxic Radia  Pois           ####....     9%          4

Your spell library contained the following spells:

 Spells                   Type           Power        Failure   Level
 Mephitic Cloud           Conj/Pois/Air  ###.....     11%         3
 Ignite Poison            Fire/Tmut/Pois ###.....     12%         3


Dungeon Overview and Level Annotations

Branches:
Dungeon (4/15)
 Temple: D:4-7

Altars:
Qazlal
Xom


Innate Abilities, Weirdness & Mutations

You cannot wear boots.
Your serpentine skin is tough. (AC +2)
You have supernaturally acute eyesight. (SInv)
Armour fits poorly on your strangely shaped body.
Your system is resistant to poisons. (rPois)
You cover ground very slowly.
You can spit poison.


Message History

The gnoll is poisoned.
The gnoll hits you with a +0 halberd!
Casting: Poisonous Vapours (safe; 3% risk of failure)
Confirm with . or Enter, or press ? or * to list all spells.
Aiming: Poisonous Vapours (safe; 3% risk of failure)
Press: ? - help, Dir - move target cursor, f/p - gnoll
Aim: a gnoll, wielding a +0 spear (moderately wounded, poisoned) Poisonous vapours surround the gnoll!
The gnoll is engulfed in poison gas.
The gnoll looks even sicker.
The gnoll barely misses you. The gnoll hits you with a +0 halberd!
A hound comes into view.
You can't go down here!
The gnoll misses you. The gnoll closely misses you.
You climb upwards.
There is a stone staircase leading down here.
You barely miss the gnoll.
The gnoll is almost dead.
The gnoll hits you with a +0 halberd!
* * * LOW HITPOINT WARNING * * *
The gnoll hits you from afar with a +0 halberd!
You die...

#....................<.....
#####......................
#......................
#........(.............
#......................
#......[.......[.......
#......................
#......................
#.....@................
#....>.............)...
#....g.................
#......................
#......................
#..(...................
###########.#####.##### #.#
#.# #.# #.#


You could see a gnoll (poisoned).

Vanquished Creatures
  An ogre (D:4)
  2 orc priests
  4 adders (D:3)
  5 gnolls
  4 oozes
  4 dart slugs (D:1)
  7 orcs
  A ball python (D:3)
  11 giant cockroaches
  7 goblins
  6 hobgoblins (D:1)
  7 jackals
  A quokka (D:3)
  6 bats
  A frilled lizard (D:3)
  13 kobolds
  5 rats
85 creatures vanquished.

Vanquished Creatures (others)
  A withered plant (D:4)
1 creature vanquished.

Grand Total: 86 creatures vanquished

Notes
Turn   | Place    | Note
-------+----------+-------------------------------------------
     0 | D:1      | Forecaster the Naga Venom Mage began the quest for the Orb.
     0 | D:1      | Reached XP level 1. HP: 15/15 MP: 3/3
   356 | D:1      | Reached XP level 2. HP: 17/22 MP: 0/5
   417 | D:1      | Learned a level 2 spell: Poisonous Vapours
  1067 | D:1      | Reached XP level 3. HP: 28/28 MP: 3/6
  1856 | D:1      | Reached skill level 5 in Poison Magic
  2695 | D:2      | Reached XP level 4. HP: 36/36 MP: 4/7
  2786 | D:2      | Found a stormy altar of Qazlal.
  2807 | D:2      | Found a shimmering altar of Xom.
  2921 | D:2      | Found a faded altar of an unknown god.
  3713 | D:3      | Reached skill level 1 in Air Magic
  3862 | D:3      | Learned a level 4 spell: Olgreb's Toxic Radiance
  4247 | D:3      | Reached XP level 5. HP: 42/42 MP: 1/9
  4509 | D:3      | Reached skill level 1 in Short Blades
  4897 | D:3      | Reached skill level 6 in Poison Magic
  5494 | D:4      | Reached XP level 6. HP: 49/49 MP: 1/10
  5754 | D:3      | Slain by a gnoll

Illustrated notes

Levels and vault maps discovered:
D:1:      lemuel_arrival_cross, layout_loops_corners
D:2:      layout_basic, lemuel_crystal_altar, chequers_ecumenical_altar_lobes,
          xom_teletrap_fun
D:3:      minmay_roachtagon, layout_basic
D:4:      layout_cave_pools, yredelemnul_altar_generic

Skill      XL: |  1  2  3  4  5 |
---------------+----------------+-----
Dodging        | 2 |  2.1
Poison Magic   | 5 6 |  6.3
Air Magic      | 1 2 |  2.5
Short Blades   | 1 |  1.5
Spellcasting   | 3 |  3.3
Fighting       | |  0.4
Maces & Flails | |  0.2
Stealth        | |  3.3
Transmutations | |  1.4

Action                   |  1- 3 |  4- 6 || total
-------------------------+-------+-------++-------
Melee: Dagger            |    46 |    36 ||    82
       Whip              |       |    16 ||    16
 Cast: Sting             |     7 |     6 ||    13
       Poisonous Vapours |    40 |    60 ||   100
       Olgreb's Toxic Ra |       |     1 ||     1
 Stab: Sleeping          |     1 |       ||     1
Armor: Robe              |     7 |     3 ||    10
Dodge: Dodged            |    26 |    34 ||    60

Table legend: (Time is in decaauts)
 A = Elapsed time spent in this place.
 B = Non-inter-level travel time spent in this place.
 C = Inter-level travel time spent in this place.
 D = Time resting spent in this place.
 E = Time spent auto-exploring this place.
 F = Levels seen in this place.
 G = Mean time per level.
                   A        B        C        D        E       F      G
               +--------+--------+--------+--------+--------+-----+--------+
         Total |   6677 |   6489 |    188 |   2179 |   3610 |   4 | 1669.2 |
       Dungeon |   6677 |   6489 |    188 |   2179 |   3610 |   4 | 1669.2 |
               +--------+--------+--------+--------+--------+-----+--------+

Top non-repeatable levels by time:
     D:1: 2649 daAuts
     D:3: 2265 daAuts
     D:2: 1653 daAuts
     D:4: 108 daAuts
